 Dungeon Crawl Stone Soup version 0.26-a0-812-g31a745ddcd (webtiles) character file.

Game seed: 1018851236344455581

6729 tilp the Covert (level 11, -3/87 HPs)
             Began as a Gnoll Delver on Dec 2, 2020.
             Was a Priest of Makhleb.
             Slain by a tentacled starspawn (14 damage)
             ... on level 2 of the Abyss.
             The game lasted 00:25:03 (13360 turns).

tilp the Covert (Gnoll Delver)                     Turns: 13360, Time: 00:25:03

Health: -3/87      AC: 28    Str: 16    XL:     11   Next: 4%
Magic:  19/19      EV: 15    Int: 15    God:    Makhleb [***...]
Gold:   616        SH:  0    Dex: 16    Spells: 11/21 levels left

rFire    . . .     SeeInvis .   b - +1 halberd (protect)
rCold    + . .     Faith    .   (shield currently unavailable)
rNeg     . . .     Spirit   .   P - +0 chain mail
rPois    .         Reflect  .   E - +2 helmet
rElec    .         Harm     .   L - +2 cloak
rCorr    .         Rampage  .   G - +1 pair of gloves
MR       .....                  T - +1 pair of boots
Stlth    ++........             (no amulet)
HPRegen  0.24/turn              R - +4 ring of evasion
MPRegen  0.16/turn              n - ring of protection from cold

@: protection aura
A: distributed training, fangs 1, strong nose
a: Minor Destruction, Lesser Servant of Makhleb, Renounce Religion


You were on level 2 of the Abyss.
You worshipped Makhleb.
Makhleb was most pleased with you.
You visited 2 branches of the dungeon, and saw 11 of its levels.
You visited the Abyss 1 time.
You also visited: Ossuary.

You collected 616 gold pieces.

Inventory:

Hand Weapons
 a - a +2 mace of draining
 b - a +1 halberd of protection (weapon)
 J - a +2 quarterstaff of speed
Missiles
 s - 6 atropa-tipped darts
 u - 10 curare-tipped darts (quivered)
 K - 9 poisoned darts
 N - 13 boomerangs
Armour
 E - a +2 helmet (worn)
 G - a +1 pair of gloves (worn)
 L - a +2 cloak (worn)
 P - a +0 chain mail (worn)
 T - a +1 pair of boots (worn)
Jewellery
 l - an uncursed ring of stealth
 n - a ring of protection from cold (right hand)
 y - an uncursed ring of magical power
 z - the ring of Gufifev {rF- MR+ Int+2 Stlth+}
   (You found it on level 7 of the Dungeon)

   [ring of stealth]

   It affects your intelligence (+2).
   It makes you vulnerable to fire.
   It affects your resistance to hostile enchantments.
   It makes you more stealthy.
 C - an uncursed ring of poison resistance
 O - an uncursed ring of protection from fire
 Q - an uncursed ring of flight
 R - a +4 ring of evasion (left hand)
Wands
 g - a wand of digging (9)
 j - a wand of flame (14)
Scrolls
 c - 3 scrolls of fog
 e - 3 scrolls of fear
 h - 2 scrolls of enchant weapon
 i - a scroll of vulnerability {unknown}
 k - a scroll of noise {unknown}
 r - a scroll of holy word {unknown}
 w - 5 scrolls of remove curse
 x - 2 scrolls of amnesia
 A - 6 scrolls of teleportation
 F - a scroll of blinking
 M - 2 scrolls of magic mapping
 S - a scroll of immolation {unknown}
 V - 3 scrolls of identify
Potions
 d - a potion of curing
 f - 2 potions of haste
 m - a potion of mutation
 o - a potion of might
 p - 2 potions of brilliance
 q - 5 potions of flight
 t - a potion of cancellation {unknown}
 v - 2 potions of heal wounds {unknown}
 B - 2 potions of resistance {unknown}
 D - 3 potions of degeneration {unknown}
 H - 2 potions of lignification {unknown}
 I - a potion of berserk rage {unknown}
 U - a potion of magic {unknown}


   Skills:
 + Level 8.9 Fighting
 + Level 5.8 Short Blades
 + Level 5.8 Long Blades
 + Level 5.8 Axes
 + Level 7.5 Maces & Flails
 + Level 5.8 Polearms
 + Level 5.8 Staves
 + Level 5.8 Slings
 + Level 5.8 Bows
 + Level 5.8 Crossbows
 + Level 5.8 Throwing
 + Level 5.8 Armour
 + Level 7.5 Dodging
 + Level 11.1 Stealth
 + Level 5.8 Shields
 + Level 5.8 Unarmed Combat
 + Level 5.8 Spellcasting
 + Level 4.8 Conjurations
 + Level 4.8 Hexes
 + Level 4.8 Summonings
 + Level 4.8 Necromancy
 + Level 4.8 Translocations
 + Level 4.8 Transmutations
 + Level 4.8 Fire Magic
 + Level 4.8 Ice Magic
 + Level 4.8 Air Magic
 + Level 4.8 Earth Magic
 + Level 4.8 Poison Magic
 + Level 6.4 Invocations
 + Level 5.8 Evocations


You had 11 spell levels left.
You knew the following spells:

 Your Spells              Type           Power        Failure   Level
a - Foxfire               Conj/Fire      ###.         28%         1
b - Magic Dart            Conj           ###.         28%         1
c - Blink                 Tloc           N/A          41%         2
d - Call Imp              Summ           ###.....     41%         2
e - Slow                  Hex            ###.....     41%         2
f - Ensorcelled Hibernat  Hex/Ice        ###...       41%         2

Your spell library contained the following spells:

 Spells                   Type           Power        Failure   Level
 Corona                   Hex            ###....      28%         1
 Summon Small Mammal      Summ           ###.         28%         1
 Call Canine Familiar     Summ           ###.....     65%         3
 Confusing Touch          Hex            ###.....     65%         3
 Conjure Flame            Conj/Fire      ###.....     65%         3
 Dazzling Flash           Conj/Hex       ###...       65%         3
 Inner Flame              Hex/Fire       ###.....     65%         3
 Mephitic Cloud           Conj/Pois/Air  ###.....     65%         3
 Summon Guardian Golem    Hex/Summ       ###.....     65%         3
 Tukima's Dance           Hex            ###.....     65%         3
 Sticky Flame             Conj/Fire      ###.....     96%         4
 Summon Ice Beast         Ice/Summ       ###.....     96%         4
 Summon Lightning Spire   Summ/Air       ###.....     96%         4
 Fireball                 Conj/Fire      ###.......   100%        5


Dungeon Overview and Level Annotations

Branches:
Dungeon (10/15)            Temple (1/1) D:4         Ossuary (visited)
   Lair: D:8-11         Orc: D:9-12

Altars:
Ashenzari
Cheibriados
Dithmenos
Elyvilon
Fedhas
Gozag
Hepliaklqana
Kikubaaqudgha
Makhleb
Nemelex Xobeh
Okawaru
Qazlal
Ru
Sif Muna
Trog
Uskayaw
Vehumet
Wu Jian
Xom
Yredelemnul
Zin
The Shining One
Beogh

Shops:
D:6 (

Annotations:
D:4 2 runed translucent doors, exclusion: worker ant, Danir's ghost, weakling DsFi; Dowan; Duvessa
D:9 1 runed translucent door, SamuraiZach's ghost, novice TrDe
D:10 2 runed translucent doors, Megustar's ghost, journeyman GrBe; Psyche; Sonja


Innate Abilities, Weirdness & Mutations

Your experience applies equally to all skills.
You have very sharp teeth.
Your uncanny sense of smell can sniff out nearby items.


Message History

You puncture the tentacled starspawn!
The tentacled starspawn is heavily damaged.
The tentacled starspawn bites you!!
* * * LOW HITPOINT WARNING * * *
The tentacled starspawn engulfs you!
* * * LOW HITPOINT WARNING * * *
You slash the tentacled starspawn!
The tentacled starspawn is severely damaged.
The tentacled starspawn closely misses you.
The tentacled starspawn engulfs you but does no damage.
The tentacled starspawn barely misses you.
The tentacled starspawn engulfs you but does no damage.
You hit the tentacled starspawn.
The tentacled starspawn is severely damaged.
The tentacled starspawn barely misses you. x2
You hit the tentacled starspawn but do no damage.
You bite the tentacled starspawn, but do no damage.
The tentacled starspawn is severely damaged.
The tentacled starspawn bites you!
You die...

. .....##..
..... . . .
.....#.Λ.. #
.# # . .
.......
.##..###. ..
#...##│. _.
... .
#...##│
..### . .
##...── .##
#.. ..
#.ww## ## .
.. . ##X## .
# #.@.# #...
. #.....# .
... .
#.........
.. .
#.........##
+.........+
#..##.#...#
##. .....##
#. ....#.


You could see a tentacled starspawn and 2 starspawn tentacles.

Vanquished Creatures
  Fannar (D:9)
  A two-headed ogre (D:9)
  A troll (D:9)
  A water moccasin (D:4)
  2 black bears
  5 orc warriors
  3 sky beasts
  A hornet zombie (D:9)
  A phantom (D:5)
  An eye of draining (D:9)
  2 centaurs (D:7)
  3 ogres (D:6)
  2 big kobolds
  3 bullfrogs
  5 scorpions
  11 killer bees
  4 wights (D:9)
  3 howler monkeys
  3 centaur zombies
  A jelly (D:9)
  4 quasits
  3 bullfrog skeletons
  5 bullfrog zombies
  4 hounds
  A centaur skeleton (D:6)
  2 orc priests
  A gnoll shaman (D:6)
  4 iguanas
  2 orc wizards
  5 worker ants
  2 killer bee zombies
  2 hound zombies (Ossuary)
  A hound skeleton (D:4)
  13 mummies (Ossuary)
  A howler monkey zombie (D:5)
  Robin (D:2)
  3 worker ant zombies
  9 gnolls
  A howler monkey skeleton (D:9)
  11 adders
  4 shadow imps
  6 white imps
  An ufetubus (D:9)
  An ooze (D:6)
  2 adder zombies (Ossuary)
  3 worms
  2 dart slugs
  4 leopard geckos
  36 orcs
  6 bats
  6 giant cockroaches
  12 goblins
  14 hobgoblins
  8 jackals
  13 kobolds
  9 quokkas
  3 ball pythons
  6 frilled lizards
  A giant cockroach zombie (Ossuary)
  A jackal skeleton (D:5)
  2 jackal zombies (Ossuary)
  A leopard gecko zombie (Ossuary)
  4 quokka zombies (Ossuary)
  7 rats
  A starspawn tentacle (Abyss:2)
282 creatures vanquished.

Vanquished Creatures (others)
  27 foxfires
  3 starspawn tentacles (Abyss:2)
  9 withered plants (Ossuary)
39 creatures vanquished.

Grand Total: 321 creatures vanquished

Notes
Turn   | Place    | Note
-------+----------+-------------------------------------------
     0 | D:5      | Reached skill level 9 in Stealth
     0 | D:5      | tilp the Gnoll Delver began the quest for the Orb.
     0 | D:5      | Reached XP level 1. HP: 23/23 MP: 1/1
   167 | D:5      | Reached XP level 2. HP: 29/29 MP: 2/2
   173 | D:5      | Learned a level 1 spell: Foxfire
   256 | D:6      | Noticed a howler monkey
   378 | D:5      | Reached XP level 3. HP: 17/35 MP: 3/3
   578 | D:5      | Reached skill level 1 in Short Blades
   578 | D:5      | Reached skill level 1 in Long Blades
   578 | D:5      | Reached skill level 1 in Axes
   578 | D:5      | Reached skill level 1 in Polearms
   578 | D:5      | Reached skill level 1 in Staves
   578 | D:5      | Reached skill level 1 in Slings
   578 | D:5      | Reached skill level 1 in Bows
   578 | D:5      | Reached skill level 1 in Crossbows
   578 | D:5      | Reached skill level 1 in Throwing
   578 | D:5      | Reached skill level 1 in Armour
   578 | D:5      | Reached skill level 1 in Shields
   578 | D:5      | Reached skill level 1 in Unarmed Combat
   578 | D:5      | Reached skill level 1 in Spellcasting
   578 | D:5      | Reached skill level 1 in Invocations
   578 | D:5      | Reached skill level 1 in Evocations
   578 | D:5      | Reached XP level 4. HP: 27/41 MP: 3/5
   692 | D:5      | Found a radiant altar of Vehumet.
   728 | D:4      | Noticed Duvessa
   728 | D:4      | Noticed Dowan
   744 | D:4      | Reached skill level 1 in Conjurations
   744 | D:4      | Reached skill level 1 in Hexes
   744 | D:4      | Reached skill level 1 in Summonings
   744 | D:4      | Reached skill level 1 in Necromancy
   744 | D:4      | Reached skill level 1 in Translocations
   744 | D:4      | Reached skill level 1 in Transmutations
   744 | D:4      | Reached skill level 1 in Fire Magic
   744 | D:4      | Reached skill level 1 in Ice Magic
   744 | D:4      | Reached skill level 1 in Air Magic
   744 | D:4      | Reached skill level 1 in Earth Magic
   744 | D:4      | Reached skill level 1 in Poison Magic
   851 | D:4      | Found a sand-covered staircase.
   860 | Ossuary  | Entered an ossuary
   890 | Ossuary  | Reached XP level 5. HP: 14/47 MP: 6/6
  1535 | Ossuary  | Reached XP level 6. HP: 46/53 MP: 4/8
  1659 | Ossuary  | Reached skill level 5 in Maces & Flails
  1659 | Ossuary  | Reached skill level 5 in Dodging
  1920 | Ossuary  | Reached XP level 7. HP: 37/59 MP: 10/10
  2719 | D:2      | Found a blossoming altar of Fedhas.
  2807 | D:2      | Learned a level 1 spell: Magic Dart
  2810 | D:2      | Learned a level 2 spell: Blink
  2813 | D:2      | Learned a level 2 spell: Call Imp
  2816 | D:2      | Learned a level 2 spell: Slow
  2837 | D:2      | Noticed Robin
  2894 | D:2      | Killed Robin
  4157 | D:2      | Found a snail-covered altar of Cheibriados.
  4554 | D:2      | Found a shimmering blue altar of Sif Muna.
  4554 | D:2      | Found a basalt altar of Yredelemnul.
  4962 | D:4      | Reached skill level 10 in Stealth
  4962 | D:4      | Reached XP level 8. HP: 56/67 MP: 12/12
  5231 | D:4      | Found a staircase to the Ecumenical Temple.
  5250 | D:4      | Found a large runed translucent door.
  5250 | D:4      | Found a large runed translucent door.
  5414 | D:4      | Noticed Danir's ghost (weakling DsFi)
  5775 | D:4      | Found a blossoming altar of Fedhas.
  6215 | Temple   | Entered the Ecumenical Temple
  6307 | Temple   | Became a worshipper of Makhleb the Destroyer
  7008 | D:5      | Found a sacrificial altar of Ru.
  7368 | D:6      | Found Gelud's Weapon Shoppe.
  7445 | D:6      | Reached * piety under Makhleb
  7621 | D:6      | Reached XP level 9. HP: 57/72 MP: 14/14
  8085 | D:6      | Found a sparkling altar of Nemelex Xobeh.
  8207 | D:6      | Found a glowing silver altar of Zin.
  8592 | D:7      | Got a crude brass ring
  8600 | D:7      | Found a stormy altar of Qazlal.
  8666 | D:7      | Reached skill level 5 in Invocations
  9166 | D:7      | Identified the ring of Gufifev {rF- MR+ Int+2 Stlth+} (You
                  | found it on level 7 of the Dungeon)
  9394 | D:8      | Found a glowing silver altar of Zin.
  9477 | D:8      | Reached ** piety under Makhleb
  9635 | D:8      | Reached XP level 10. HP: 52/80 MP: 17/17
 10460 | D:8      | Reached skill level 5 in Short Blades
 10460 | D:8      | Reached skill level 5 in Long Blades
 10460 | D:8      | Reached skill level 5 in Axes
 10460 | D:8      | Reached skill level 5 in Polearms
 10460 | D:8      | Reached skill level 5 in Staves
 10460 | D:8      | Reached skill level 5 in Slings
 10460 | D:8      | Reached skill level 5 in Bows
 10460 | D:8      | Reached skill level 5 in Crossbows
 10460 | D:8      | Reached skill level 5 in Throwing
 10460 | D:8      | Reached skill level 5 in Armour
 10460 | D:8      | Reached skill level 5 in Shields
 10460 | D:8      | Reached skill level 5 in Unarmed Combat
 10460 | D:8      | Reached skill level 5 in Spellcasting
 10460 | D:8      | Reached skill level 5 in Evocations
 10529 | D:8      | Found a roughly hewn altar of Beogh.
 11159 | D:9      | Noticed a two-headed ogre
 11170 | D:9      | Killed a two-headed ogre
 11448 | D:9      | Reached *** piety under Makhleb
 11846 | D:9      | Found a runed translucent door.
 11846 | D:9      | Noticed SamuraiZach's ghost (novice TrDe)
 12076 | D:9      | Reached skill level 11 in Stealth
 12342 | D:10     | Entered Level 10 of the Dungeon
 12358 | D:10     | Noticed Sonja
 12458 | D:10     | Noticed Psyche
 12763 | D:10     | Noticed Fannar
 12793 | D:9      | Killed Fannar
 13172 | D:10     | Learned a level 2 spell: Ensorcelled Hibernation
 13209 | D:10     | Reached XP level 11. HP: 87/87 MP: 19/19
 13242 | D:10     | Found a large runed translucent door.
 13242 | D:10     | Found a large runed translucent door.
 13244 | D:10     | Noticed Megustar's ghost (journeyman GrBe)
 13291 | D:10     | Found a roughly hewn altar of Beogh.
 13301 | D:10     | Cast into level 2 of the Abyss (Sonja)
 13301 | Abyss:2  | Found a corrupted altar of Lugonu.
 13331 | Abyss:2  | Noticed a tentacled starspawn
 13360 | Abyss:2  | Slain by a tentacled starspawn

Illustrated notes

Levels and vault maps discovered:
D:1:      lemuel_arrival_rhombus, layout_loops_ring, minmay_misc_feat_enclosed,
          st_stairs_6
D:2:      layout_basic, nicolae_overflow_hidden_temple, minmay_strange_pillars,
          serial_bayou_pond_b, fedhas_altar_1, uniq_robin
D:3:      layout_rooms, kennysheep_pointless_box, kennysheep_generic_room_12
D:4:      layout_loops_corners, lemuel_round_altar,
          minmay_temple_entry_from_below_b, chequers_ossuary_entry_cave,
          ebering_ghost_disaster_area, uniq_duvessa
D:5:      layout_cave_pods, vehumet_altar_wand_db,
          nicolae_ru_great_annihilating_truth
D:6:      layout_loops_ring, old_standard_altar, kennysheep_mini, serial_shops,
          shop_statue
D:7:      layout_basic, basic_altar
D:8:      layout_cave_pods, special_room [special_room_orc], basic_altar
D:9:      layout_basic, gammafunk_ghost_grave
D:10:     layout_gridville, special_room [special_room_orc],
          ebering_ghost_disaster_area, uniq_fannar, uniq_psyche, uniq_sonja
Temple:   regret_index_temple_waves
Abyss:2:  base:
D:4

Skill      XL: |  1  2  3  4  5  6  7  8  9 10 |
---------------+-------------------------------+-----
Stealth        | 10 11 | 11.1
Short Blades   | 1 2 3 4 5 |  5.8
Long Blades    | 1 2 3 4 5 |  5.8
Axes           | 1 2 3 4 5 |  5.8
Polearms       | 1 2 3 4 5 |  5.8
Staves         | 1 2 3 4 5 |  5.8
Slings         | 1 2 3 4 5 |  5.8
Bows           | 1 2 3 4 5 |  5.8
Crossbows      | 1 2 3 4 5 |  5.8
Throwing       | 1 2 3 4 5 |  5.8
Armour         | 1 2 3 4 5 |  5.8
Shields        | 1 2 3 4 5 |  5.8
Unarmed Combat | 1 2 3 4 5 |  5.8
Spellcasting   | 1 2 3 4 5 |  5.8
Invocations    | 1 2 3 4 5 6 |  6.4
Evocations     | 1 2 3 4 5 |  5.8
Conjurations   | 1 2 3 4 |  4.8
Hexes          | 1 2 3 4 |  4.8
Summonings     | 1 2 3 4 |  4.8
Necromancy     | 1 2 3 4 |  4.8
Translocations | 1 2 3 4 |  4.8
Transmutations | 1 2 3 4 |  4.8
Fire Magic     | 1 2 3 4 |  4.8
Ice Magic      | 1 2 3 4 |  4.8
Air Magic      | 1 2 3 4 |  4.8
Earth Magic    | 1 2 3 4 |  4.8
Poison Magic   | 1 2 3 4 |  4.8
Maces & Flails | 5 6 7 |  7.5
Dodging        | 5 6 7 |  7.5
Fighting       | 7 8 |  8.9

Action                   |  1- 3 |  4- 6 |  7- 9 | 10-12 || total
-------------------------+-------+-------+-------+-------++-------
Melee: Mace              |    17 |   143 |   508 |       ||   668
       Bite              |     1 |    24 |    62 |    39 ||   126
       Punch             |       |     2 |     5 |       ||     7
       Halberd           |       |       |   186 |   346 ||   532
Throw: Dart              |       |       |     3 |     3 ||     6
 Cast: Foxfire           |     1 |    14 |     3 |     1 ||    19
Evoke: Wand              |     4 |     1 |       |     7 ||    12
  Use: Scroll            |     1 |       |    13 |     7 ||    21
       Potion            |       |       |     3 |     2 ||     5
 Stab: Sleeping          |     1 |     1 |    27 |     2 ||    31
       Distracted        |       |     2 |     3 |     1 ||     6
       Paralysed         |       |       |     1 |       ||     1
Armor: Leather armour    |     6 |    14 |    20 |       ||    40
       Ring mail         |       |       |   102 |       ||   102
       Chain mail        |       |       |   275 |   273 ||   548
Dodge: Dodged            |    28 |    89 |   594 |   266 ||   977

Table legend: (Time is in decaauts)
 A = Elapsed time spent in this place.
 B = Non-inter-level travel time spent in this place.
 C = Inter-level travel time spent in this place.
 D = Time resting spent in this place.
 E = Time spent auto-exploring this place.
 F = Levels seen in this place.
 G = Mean time per level.
                   A        B        C        D        E       F      G
               +--------+--------+--------+--------+--------+-----+--------+
         Total |  13667 |  12964 |    703 |   3909 |   5865 |  13 | 1051.3 |
       Dungeon |  11754 |  11100 |    654 |   2728 |   5641 |  10 | 1175.4 |
        Temple |    127 |     79 |     48 |      0 |     75 |   1 |  127.0 |
         Abyss |     61 |     61 |      0 |     28 |      0 |   1 |   61.0 |
       Ossuary |   1724 |   1724 |      0 |   1152 |    148 |   1 | 1724.0 |
               +--------+--------+--------+--------+--------+-----+--------+

Top non-repeatable levels by time:
     D:9: 2275 daAuts
 Ossuary: 1724 daAuts
     D:4: 1549 daAuts
     D:8: 1538 daAuts
     D:5: 1436 daAuts
     D:6: 1433 daAuts
     D:2: 1101 daAuts
     D:7: 822 daAuts
     D:1: 705 daAuts
     D:3: 498 daAuts
    D:10: 393 daAuts
  Temple: 127 daAuts
 Abyss:2: 61 daAuts
